 Dungeon Crawl Stone Soup version 0.30-a0-918-g0ff054e9dc (webtiles) character file.

Game seed: 9674037068303631715

48727 BigDaddyOpFi the Protected (level 14, -5/132 HPs)
             Began as an Armataur Fighter on Mar 20, 2023.
             Was a High Priest of Makhleb.
             Slain by a yak (11 damage)
             ... on level 3 of the Lair of Beasts.
             The game lasted 00:16:32 (12028 turns).

BigDaddyOpFi the Protected (Armataur Fighter)      Turns: 12028, Time: 00:16:32

Health: -5/132     AC: 23    Str: 26    XL:     14   Next: 13%
Magic:  20/20      EV: 11    Int: 18    God:    Makhleb [*****.]
Gold:   663        SH:  0    Dex:  9    Spells: 13/13 levels left

rFire   + . .      SeeInvis .    g - +9 lajatang (heavy)
rCold   + + .      Faith    .    (shield currently unavailable)
rNeg    . . .      Spirit   .    t - +3 chain mail {rC+}
rPois   .          Reflect  .    c - +0 hat
rElec   .          Roll     +    s - scarf of Greater Demons {+Inv, +Inv Int+8}
rCorr   .                        (no gloves)
Will    +....                    p - +2 barding Stlth
                                 v - amulet of magic regeneration
HPRegen 1.22/turn                f - +5 ring of evasion
MPRegen 0.57/turn                n - ring of protection from fire

@: no status effects
A: large, rugged brown scales 3, deformed body, armoured tail, roll, long
tongue, awkward tongue, cold resistance 1, regeneration 1, wild magic 1
a: Renounce Religion, Evoke Invisibility, Minor Destruction, Lesser Servant of
Makhleb, Major Destruction, Greater Servant of Makhleb


You were on level 3 of the Lair of Beasts.
You worshipped Makhleb.
Makhleb was extremely pleased with you.
You visited 3 branches of the dungeon, and saw 15 of its levels.

You collected 663 gold pieces.

Inventory:

Hand Weapons
 g - a +9 heavy lajatang (weapon)
Missiles
 x - 3 throwing nets (quivered)
 H - 5 javelins
Armour
 c - a +0 hat (worn)
 m - a +0 cloak
 p - a +2 barding (worn)
 s - the scarf of Greater Demons (worn) {+Inv, +Inv Int+8}
   (You acquired it on level 5 of the Dungeon)

   Int:       It affects your intelligence (+8).
   +Inv:      It lets you turn invisible.
 t - a +3 chain mail of cold resistance (worn)
 B - a +0 plate armour
Jewellery
 f - a +5 ring of evasion (left hand)
 k - a ring of wizardry
 n - a ring of protection from fire (right hand)
 v - an amulet of magic regeneration (around neck)
 D - a ring of ice
 F - a ring of protection from fire
 K - an amulet of reflection
Wands
 q - a wand of iceblast (12)
 u - a wand of flame (35)
 y - a wand of polymorph (7)
 N - a wand of paralysis (5)
 P - a wand of light (5)
Scrolls
 b - a scroll of fog
 d - 8 scrolls of teleportation
 h - 2 scrolls of vulnerability
 l - 2 scrolls of magic mapping
 o - 3 scrolls of torment
 A - 2 scrolls of fear
 C - 2 scrolls of blinking
 E - 2 scrolls of poison
 I - a scroll of enchant weapon
 J - a scroll of silence
 O - a scroll of amnesia
Potions
 e - 2 potions of heal wounds
 i - 2 potions of berserk rage
 j - 4 potions of curing
 w - 2 potions of degeneration
 z - 2 potions of brilliance
 G - 2 potions of haste
 L - a potion of lignification
 M - a potion of might
Miscellaneous
 a - a tin of tremorstones (2/2)


   Skills:
 + Level 11.3 Fighting
 - Level 2.1(6.6) Axes
 + Level 10.0(10.1) Polearms
 + Level 12.8 Armour
 - Level 4.4 Dodging
 + Level 11.7 Shields
 + Level 8.9 Invocations


You had 13 spell levels left.
You didn't know any spells.
Your spell library contained the following spells:

 Spells                   Type           Power      Damage    Failure   Level
 Freeze                   Ice            0%         1d3       75%         1
 Call Canine Familiar     Summ           0%         N/A       97%         3
 Frozen Ramparts          Ice            0%         1d1       97%         3
 Gell's Gravitas          Tloc           0%         N/A       97%         3
 Hailstorm                Conj/Ice       0%         3d3       97%         3
 Ozocubu's Armour         Ice            0%         N/A       97%         3
 Portal Projectile        Hex/Tloc       0%         N/A       97%         3
 Teleport Other           Tloc           0%         N/A       97%         3
 Airstrike                Air            0%         2d(0-16)  100%        4
 Leda's Liquefaction      Hex/Erth       0%         N/A       100%        4
 Summon Lightning Spire   Summ/Air       0%         N/A       100%        4
 Metabolic Englaciation   Hex/Ice        0%         N/A       100%        5
 Plasma Beam              Fire/Air       0%         2x1d11    100%        5
 Dispersal                Tloc           0%         N/A       100%        6
 Simulacrum               Ice/Necr       0%         N/A       100%        6


Dungeon Overview and Level Annotations

Branches:
Dungeon (11/15)            Temple (1/1) D:4            Lair (3/5) D:10
 Shoals (0/4) Lair:2        Snake (0/4) Lair:2          Orc (0/2) D:9

Altars:
Ashenzari
Cheibriados
Dithmenos
Elyvilon
Gozag
Hepliaklqana
Makhleb
Nemelex Xobeh
Okawaru
Qazlal
Ru
Sif Muna
Trog
Uskayaw
Vehumet
Wu Jian
Xom
Yredelemnul
Zin
The Shining One

Shops:
D:1 :   D:3 (   D:7 =   D:8 (

Annotations:
Abyss:1 Maggie


Innate Abilities, Weirdness & Mutations

You are completely covered in rugged brown scales. (AC +3, +7% HP)
Armour fits poorly on your strangely shaped body.
You have a long armoured tail.
You roll when moving toward enemies. (Rampage)
Your long tongue fully drains potion bottles. (2x potion effects)
Your tongue gives you trouble enunciating. (1.5x scroll delay)
Your flesh is cold resistant. (rC+)
Your natural rate of healing is unusually fast.
Your spells are a little harder to cast, but a little more powerful.


Message History

The eight-headed hydra looks frightened!
The scorpion looks frightened!
You feel very sick. The komodo dragon barely misses you.
A yak comes into view.
The komodo dragon barely misses you.
You feel sick. The komodo dragon closely misses you.
You feel sick.
You feel sick.
You feel sick.
The komodo dragon attacks as you move away!
The komodo dragon completely misses you.
You feel sick.
You feel sick.
You feel sick.
You are no longer poisoned.
The komodo dragon attacks as you move away!
The komodo dragon bites you but does no damage.
You completely miss the plant.
The komodo dragon bites you but does no damage.
You chop the plant into pieces!!!
The plant begins to die.
The plant is moderately damaged.
The komodo dragon bites you!!
* * * LOW HITPOINT WARNING * * *
The komodo dragon bites you but does no damage.
As you slowly read the scroll of teleportation, it crumbles to dust.
You feel strangely unstable. The komodo dragon closely misses you.
You barely miss the komodo dragon. You tail-slap the komodo dragon!
The komodo dragon is lightly wounded.
A nearby plant withers and dies.
The komodo dragon bites you!!
* * * LOW HITPOINT WARNING * * *
The komodo dragon bites you but does no damage.
You completely miss the komodo dragon. You tail-slap the komodo dragon.
The komodo dragon is moderately wounded.
Your surroundings suddenly seem different. 2 yaks come into view.
The yak bellows! x2
The yak gores you but does no damage. x2; The yak barely misses you.
The yak gores you!
You die...

.................#.#....
...................#....
........................
.#......................
##.....................
##.......s.............
.#..................#...
#.....YY.........#####..
.......@.......P #..
...#....Y...... ##.
###..Y...#.. #..
.#......# ### ####.....#
.....# ##....# ..... #.
##


You could see 4 yaks and a scorpion.

Vanquished Creatures
  Gastronok (D:8)
  A hydra (Lair:1)
  A two-headed ogre (D:9)
  9 death yaks
  Urug (Lair:2)
  A skyshark (Lair:3)
  A deep elf pyromancer (D:10)
  Pikel (D:8)
  Joseph (D:8)
  5 black mambas
  6 elephants (Lair:1)
  4 cane toads
  A rime drake (Lair:2)
  3 komodo dragons
  A troll (D:9)
  Prince Ribbit (D:6)
  Grinder (D:3)
  3 hornets
  A wyvern (D:8)
  42 yaks
  A wraith (D:10)
  2 basilisks
  2 wargs (D:9)
  3 nagas (Lair:2)
  5 water moccasins
  4 orc warriors
  A sky beast (D:7)
  An ice beast (D:6)
  2 ogres
  38 wolves
  3 centaurs
  A phantom (D:7)
  5 bullfrogs
  2 gnoll sergeants
  3 jellies
  A scorpion (D:7)
  5 wights (D:8)
  23 killer bees
  5 howler monkeys
  8 orc priests
  Crazy Yiuf (D:6)
  3 iguanas
  2 sleepcaps (D:6)
  4 hounds
  Jessica (D:3)
  Terence (D:3)
  8 orc wizards
  4 hell rats (Lair:1)
  7 adders
  30 gnolls
  A white imp (D:5)
  2 ufetubi
  4 dart slugs
  53 orcs
  4 bats
  9 endoplasms
  4 giant cockroaches
  12 goblins
  6 hobgoblins
  17 jackals
  7 kobolds
  2 quokkas
  9 ball pythons
  4 rats
395 creatures vanquished.

Vanquished Creatures (others)
  9 fungi
  11 plants
20 creatures vanquished.

Grand Total: 415 creatures vanquished

Notes
Turn   | Place    | Note
-------+----------+-------------------------------------------
     0 | D:1      | BigDaddyOpFi the Armataur Fighter began the quest for the
                  | Orb.
     0 | D:1      | Reached XP level 1. HP: 19/19 MP: 1/1
   159 | D:1      | Reached XP level 2. HP: 26/26 MP: 2/2
   359 | D:1      | Reached skill level 4 in Armour
   431 | D:1      | Reached XP level 3. HP: 33/33 MP: 3/3
   791 | D:1      | Found Duha's Book Boutique.
  1095 | D:2      | Identified a scroll of acquirement
  1095 | D:2      | Acquired a +5 lajatang of distortion
  1268 | D:2      | Reached XP level 4. HP: 40/40 MP: 4/4
  1537 | D:3      | Noticed Grinder
  1538 | D:3      | Noticed Terence
  1544 | D:3      | Paralysed by Grinder for 2 turns
  1548 | D:3      | Killed Grinder
  1549 | D:3      | Reached skill level 1 in Polearms
  1549 | D:3      | Reached skill level 5 in Armour
  1549 | D:3      | Reached XP level 5. HP: 39/49 MP: 5/5
  1549 | D:3      | Killed Terence
  1550 | D:3      | Reached XP level 6. HP: 44/55 MP: 6/6
  1674 | D:3      | Reached skill level 5 in Shields
  1684 | D:3      | Noticed Jessica
  1692 | D:3      | Gained mutation: Your spells are a little harder to cast,
                  | but a little more powerful. [potion of mutation]
  1692 | D:3      | Gained mutation: Your flesh is cold resistant. (rC+)
                  | [potion of mutation]
  1692 | D:3      | Gained mutation: Your natural rate of healing is unusually
                  | fast. [potion of mutation]
  1696 | D:3      | Killed Jessica
  1784 | D:3      | Reached XP level 7. HP: 58/63 MP: 7/7
  1834 | D:3      | Reached skill level 6 in Armour
  2099 | D:3      | Found a bloodstained altar of Trog.
  2294 | D:3      | Found Nuagh's Weapon Emporium.
  2770 | D:4      | Found a broken altar of Ashenzari.
  2771 | D:4      | Found a sparkling altar of Nemelex Xobeh.
  2772 | D:4      | Found a radiant altar of Vehumet.
  2773 | D:4      | Found a shimmering altar of Xom.
  2819 | D:4      | Found a staircase to the Ecumenical Temple.
  2835 | Temple   | Entered the Ecumenical Temple
  2864 | Temple   | Became a worshipper of Makhleb the Destroyer
  3041 | D:5      | Entered Level 5 of the Dungeon
  3256 | D:5      | Acquired the scarf of Greater Demons {+Inv, +Inv Int+8}
  3281 | D:5      | Reached XP level 8. HP: 67/71 MP: 8/8
  3287 | D:5      | Reached skill level 5 in Fighting
  3318 | D:5      | Found a sacrificial altar of Ru.
  3573 | D:5      | Found a snail-covered altar of Cheibriados.
  3786 | D:6      | Reached skill level 7 in Armour
  3872 | D:6      | Noticed Prince Ribbit
  3888 | D:6      | Killed Prince Ribbit
  4015 | D:6      | Reached XP level 9. HP: 72/80 MP: 9/9
  4019 | D:6      | Reached skill level 8 in Armour
  4278 | D:6      | Found a runed translucent door.
  4279 | D:6      | Noticed Crazy Yiuf
  4284 | D:6      | Killed Crazy Yiuf
  4284 | D:6      | Reached * piety under Makhleb
  4970 | D:7      | Reached skill level 5 in Polearms
  4994 | D:7      | Reached skill level 9 in Armour
  5061 | D:7      | Found a glowing silver altar of Zin.
  5061 | D:7      | Found a white marble altar of Elyvilon.
  5061 | D:7      | Found a glowing golden altar of the Shining One.
  5174 | D:7      | Found Qoum Vov's Jewellery Shoppe.
  5252 | D:7      | Found an opulent altar of Gozag.
  5408 | D:8      | Reached ** piety under Makhleb
  5418 | D:8      | Reached XP level 10. HP: 83/90 MP: 10/10
  5528 | D:8      | Noticed Joseph
  5546 | D:8      | Killed Joseph
  5553 | D:8      | Noticed Pikel
  5558 | D:8      | Killed Pikel
  5559 | D:8      | Reached skill level 10 in Armour
  5696 | D:8      | Reached skill level 5 in Invocations
  5696 | D:8      | Reached XP level 11. HP: 105/105 MP: 10/15
  5696 | D:8      | Reached XP level 12. HP: 113/113 MP: 10/16
  5765 | D:8      | Noticed Gastronok
  5777 | D:8      | Killed Gastronok
  5812 | D:8      | Found Efuasol's Antique Weapon Shop.
  5820 | D:8      | Noticed Maggie
  5823 | D:8      | Banished Maggie
  6255 | D:8      | Reached *** piety under Makhleb
  6852 | D:9      | Noticed a two-headed ogre
  6868 | D:9      | Killed a two-headed ogre
  6905 | D:9      | Found a staircase to the Orcish Mines.
  6910 | D:9      | Reached skill level 10 in Fighting
  7202 | D:9      | Noticed a two-headed ogre
  7203 | D:9      | Banished a two-headed ogre
  7204 | D:9      | Reached skill level 11 in Armour
  7204 | D:9      | Reached skill level 10 in Shields
  7374 | D:10     | Entered Level 10 of the Dungeon
  7401 | D:10     | Reached XP level 13. HP: 117/120 MP: 18/18
  7612 | D:10     | Found a staircase to the Lair.
  8501 | D:10     | Reached **** piety under Makhleb
  9278 | Lair:1   | Entered Level 1 of the Lair of Beasts
 10095 | D:10     | Reached skill level 12 in Armour
 10164 | Lair:1   | Reached ***** piety under Makhleb
 11258 | Lair:2   | Found a shimmering blue altar of Sif Muna.
 11307 | Lair:2   | Noticed Urug
 11314 | Lair:2   | Killed Urug
 11321 | Lair:2   | Reached XP level 14. HP: 132/132 MP: 20/20
 11572 | Lair:2   | Found a staircase to the Snake Pit.
 11763 | Lair:2   | Found a staircase to the Shoals.
 11897 | Lair:3   | Reached skill level 10 in Polearms
 12027 | Lair:3   | HP: 4/132 [komodo dragon (23)]
 12028 | Lair:3   | Slain by a yak

Illustrated notes

Levels and vault maps discovered:
D:1:      heliophobic_arrival_glass_houses, layout_basic, serial_shops, shop
D:2:      layout_loops_cross, kennysheep_generic_room_15
D:3:      lemuel_castle_with_subvaults [lemuel_castle_interior_carwin_3],
          layout_rooms, mainiacjoe_overflow_tiny_flanked, serial_shops, shop,
          uniq_terence, uniq_jessica, uniq_grinder
D:4:      layout_rooms, mainiacjoe_overflow_alcove_3,
          minmay_temple_entry_gardened_gates
D:5:      minmay_spotlight, layout_gridville, marbit_many_paths,
          nicolae_overflow_hidden_temple, serial_rivers,
          chequers_serial_rivers_micro_c, chequers_serial_rivers_micro_c,
          chequers_serial_rivers_micro_e, chequers_serial_rivers_small_a,
          chequers_serial_rivers_large_b, minmay_holes
D:6:      layout_basic, serial_bayou_crossing, uniq_prince_ribbit1,
          uniq_crazy_yiuf_cottage
D:7:      layout_cave_pools, dreamdust_divine_triumvirate,
          grunt_gozag_breadcrumbs, serial_shops, shop, minmay_misc_feat_cross
D:8:      layout_basic, serial_shops, kennysheep_little_box, uniq_pikel,
          uniq_gastronok, uniq_maggie, uniq_joseph
D:9:      layout_roguey, david_orc_1_choice, corexii_checkpoint_a, minivault_23
D:10:     layout_roguey, dpeg_lair_monsters
D:11:     layout_irregular_city, portal_ice_cave_rime, dreamdust_gnoll_shepherd
Temple:   nicolae_temple_ecumenical_triangle
Lair:1:   layout_misc_corridors, grunt_forest_large_clearings,
          grunt_megastairs_3
Lair:2:   layout_chaotic_city, elwin_shoals_entry_rocks,
          nicolae_snake_entry_squirm, basic_altar, serial_bayou_pond_c,
          uniq_urug
Lair:3:   layout_layer_cave, nzn_sisyphean_effort

Skill      XL: |  1  2  3  4  5  6  7  8  9 10 11 12 13 14 |
---------------+-------------------------------------------+-----
Armour         | 4 5 6 7 9 10 11 12 | 12.8
Fighting       | 3 4 6 7 9 10 11 | 11.3
Axes           | 2 |  2.1
Polearms       | 1 2 3 4 5 8 9 10 | 10.0
Shields        | 4 5 6 7 8 9 10 11 | 11.7
Dodging        | 4 |  4.4
Invocations    | 5 6 8 |  8.9

Action                     |  1- 3 |  4- 6 |  7- 9 | 10-12 | 13-15 || total
---------------------------+-------+-------+-------+-------+-------++-------
  Melee: War axe           |   106 |       |       |       |       ||   106
         Tailslap          |     3 |     4 |    18 |    27 |    40 ||    92
         Lajatang          |     7 |    78 |   266 |   215 |   380 ||   946
    Use: Scroll            |     2 |     3 |     9 |     5 |     9 ||    28
         Potion            |       |     9 |     1 |     3 |     1 ||    14
 Armour: Scale mail        |    61 |   141 |   123 |       |       ||   325
         Chain mail        |       |       |   114 |   191 |   674 ||   979
  Dodge: Dodged            |    39 |   128 |   192 |   172 |   672 ||  1203
  Block: Buckler           |    19 |       |       |       |       ||    19

Table legend: (Time is in decaauts)
 A = Elapsed time spent in this place.
 B = Non-inter-level travel time spent in this place.
 C = Inter-level travel time spent in this place.
 D = Time resting spent in this place.
 E = Time spent auto-exploring this place.
 F = Levels seen in this place.
 G = Mean time per level.
                   A        B        C        D        E       F      G
               +--------+--------+--------+--------+--------+-----+--------+
         Total |  12532 |  12149 |    383 |   3342 |   5824 |  15 |  835.5 |
       Dungeon |  10489 |  10150 |    339 |   2918 |   4727 |  11 |  953.5 |
        Temple |     38 |     29 |      9 |      0 |      9 |   1 |   38.0 |
          Lair |   2004 |   1969 |     35 |    424 |   1088 |   3 |  668.0 |
               +--------+--------+--------+--------+--------+-----+--------+

Top non-repeatable levels by time:
     D:9: 2117 daAuts
    D:10: 1696 daAuts
     D:8: 1161 daAuts
     D:6: 1131 daAuts
  Lair:1: 1061 daAuts
     D:3: 1048 daAuts
     D:1: 929 daAuts
  Lair:2: 788 daAuts
     D:5: 754 daAuts
     D:2: 649 daAuts
     D:7: 512 daAuts
     D:4: 488 daAuts
  Lair:3: 154 daAuts
  Temple: 38 daAuts
    D:11: 1 daAuts
